 Dungeon Crawl Stone Soup version 0.29-a0-789-g7a8fcbc185 (webtiles) character file.

Game seed: 14736665196794386433

25 zeratav the Shooter (level 2, -5/14 HPs)
             Began as a Spriggan Hunter on July 3, 2022.
             Slain by a worm (11 damage)
             ... on level 2 of the Dungeon.
             The game lasted 00:01:02 (810 turns).

zeratav the Shooter (Spriggan Hunter)                Turns: 810, Time: 00:01:02

Health: -5/14      AC:  2    Str:  7    XL:     2   Next: 82%
Magic:  3/3        EV: 17    Int: 10    God:
Gold:   17         SH:  0    Dex: 18    Spells: 1/1 levels left

rFire   . . .      SeeInvis +   a - +0 shortbow {bow}
rCold   . . .      Faith    .   (shield currently unavailable)
rNeg    . . .      Spirit   .   c - +0 robe
rPois   .          Reflect  .   (helmet restricted)
rElec   .          Harm     .   (no cloak)
rCorr   .          Rampage  .   (gloves unavailable)
Will    .....                   (boots unavailable)
Stlth   ++........              (no amulet)
HPRegen 0.04/turn               (no ring)
MPRegen 0.08/turn               (no ring)

@: very quick
A: very small, no large weapons, unfitting armour, see invisible, speed 3
a: no special abilities


You were on level 2 of the Dungeon.
You visited 1 branch of the dungeon, and saw 2 of its levels.

You collected 17 gold pieces.


Innate Abilities, Weirdness & Mutations

You are very small and have problems with some larger weapons.
You are too small for most types of armour.
You have supernaturally acute eyesight. (SInv)
You cover ground extremely quickly. (Speed+++)


   Skills:
 - Level 1.5 Fighting
 + Level 5.9 Ranged Weapons
 - Level 2.6 Dodging
 - Level 1.5 Stealth


You had one spell level left.
You didn't know any spells.
Your spell library was empty.

Inventory:

Hand Weapons
 a - a +0 shortbow (weapon) {bow}
 g - a +1 dagger of pain {short}
   (You found it on level 1 of the Dungeon)
Armour
 c - a +0 robe (worn)
Scrolls
 b - a scroll of immolation {!r!r}
 d - a scroll of fog {unknown}
 f - 2 scrolls of identify {unknown}
 h - a scroll of teleportation {unknown}
 m - a scroll of torment {unknown}
 o - a scroll of amnesia {unknown}
Potions
 e - a potion of haste {unknown}
 i - a potion of attraction {unknown}
 j - a potion of degeneration {unknown}
 k - a potion of invisibility {unknown}
 l - 2 potions of mutation {unknown}
 n - a potion of magic {unknown}

Dungeon Overview and Level Annotations

Branches:
Dungeon (2/15) Zot: 11427

Altars:

........#
....##.###########
...............†.#
#..#.#.########.##
..........[...#.#
...##≈#.....#.#.#
.#≈#≈≈###...#.#.# ###
.#≈≈≈≈≈≈#...#.#.###.....
##≈#≈≈#≈≈#......@w.[.)..
#≈≈≈≈≈≈≈≈#..#...###.....
≈≈#≈≈≈#≈≈#..####### ...
##≈≈≈≈≈≈##........+ .
.#≈≈#≈≈≈≈..########
.≈##≈≈###..# ...≈≈##....
........... ...........


You could see a worm.


Message History

No target in view!
No target in view!
No target in view!
No target in view!
No target in view!
No target in view!
No target in view!
No target in view!
No target in view!
A giant cockroach comes into view.
A giant cockroach is nearby!
A giant cockroach is nearby!
You shoot an arrow. The arrow hits the giant cockroach!
You kill the giant cockroach!
No target in view!
No target in view!
No target in view!
No target in view!
No target in view!
No target in view!
You see here a giant cockroach corpse.
A kobold comes into view. It is wielding a +0 dagger.
The kobold moves out of view.
A kobold is nearby!
A kobold is nearby!
You shoot an arrow. The arrow barely misses the kobold.
The kobold shouts!
A jackal comes into view.
A ball python comes into view.
A jackal comes into view.
You shoot an arrow. The ball python hisses angrily.
The jackal barks! x2
The arrow hits the kobold.
You kill the kobold!
You shoot an arrow. The arrow closely misses the jackal.
You shoot an arrow.
The arrow barely misses the ball python.
You shoot an arrow. The arrow hits the ball python.
You kill the ball python!
You shoot an arrow. The arrow closely misses the jackal.
The arrow hits the jackal!
You kill the jackal!
The jackal bites you but does no damage.
You shoot an arrow.
The arrow hits the jackal but does no damage.
The jackal barely misses you. The jackal closely misses you.
You shoot an arrow. The arrow completely misses the jackal.
The jackal bites you.
A worm comes into view.
The jackal bites you.
You shoot an arrow. The arrow hits the jackal.
The jackal closely misses you.
You shoot an arrow.
The arrow hits the jackal but does no damage.
The jackal misses you. The jackal completely misses you.
You shoot an arrow. The arrow closely misses the jackal.
The jackal barely misses you. The jackal closely misses you.
You shoot an arrow. The arrow closely misses the jackal.
The jackal bites you.
You shoot an arrow. The arrow misses the jackal.
The arrow hits the worm!
The jackal closely misses you. The jackal misses you.
You shoot an arrow. The arrow barely misses the jackal.
The arrow hits the worm.
The jackal closely misses you. The jackal bites you.
* * * LOW HITPOINT WARNING * * *
You are too injured to fight recklessly!
You are too injured to fight recklessly!
You are too injured to fight recklessly!
You are too injured to fight recklessly!
You are too injured to fight recklessly!
You are too injured to fight recklessly!
You are too injured to fight recklessly!
You are too injured to fight recklessly!
You are too injured to fight recklessly!
You are too injured to fight recklessly!
You are too injured to fight recklessly!
HP[-8]
You take 8 damage, and now have 6/14 hp.
MASSIVE DAMAGE!! (PAUSE)
You are too injured to fight recklessly!
You are too injured to fight recklessly!
You are too injured to fight recklessly!
You are too injured to fight recklessly!
You are too injured to fight recklessly!
You are too injured to fight recklessly!
You are too injured to fight recklessly!
You are too injured to fight recklessly!
You are too injured to fight recklessly!
Fire: a) +0 shortbow {bow}
Press: ? - help, Q - select action Shift-Dir - straight line, f/p - jackal
Aim: a jackal (severely wounded)
You shoot an arrow. The arrow hits the jackal.
You kill the jackal!
Fire: a) +0 shortbow {bow}
Press: ? - help, Q - select action Shift-Dir - straight line, f - worm
Aim: a worm (heavily wounded)
You shoot an arrow. The arrow hits the worm!
Fire: a) +0 shortbow {bow}
Press: ? - help, Q - select action Shift-Dir - straight line, f/p - worm
Aim: a worm (almost dead)
You shoot an arrow. The arrow barely misses the worm.
The worm bites you!
Ouch! That really hurt!
You die...

Skill      XL: |  1 |
---------------+----+-----
Ranged Weapons | 5 |  5.9
Fighting       | |  1.5
Dodging        | |  2.6
Stealth        | |  1.5

Action                   || total
-------------------------++-------
 Fire: Shortbow          ||    63
Armor: Robe              ||     2
Dodge: Dodged            ||    37

Levels and vault maps discovered:
D:1:      ncdulo_lavacross, layout_basic, basic_ecumenical_altar,
          minmay_misc_feat_doors
D:2:      layout_basic, basic_altar, hangedman_glass_teeth, minivault_4,
          uniq_natasha

Notes
Turn   | Place    | Note
-------+----------+-------------------------------------------
     0 | D:1      | zeratav the Spriggan Hunter began the quest for the Orb.
     0 | D:1      | Reached XP level 1. HP: 10/10 MP: 2/2
     0 | D:1      | magus.rc [v1.9.6]
   183 | D:1      | Reached skill level 5 in Ranged Weapons
   306 | D:1      | Found a faded altar of an unknown god.
   643 | D:2      | Reached XP level 2. HP: 14/14 MP: 3/3
   810 | D:2      | Slain by a worm

Vanquished Creatures
  A worm (D:2)
  A dart slug (D:2)
  An endoplasm (D:2)
  2 giant cockroaches
  A goblin (D:1)
  2 jackals (D:2)
  A quokka (D:1)
  3 ball pythons
  A bat (D:1)
  2 frilled lizards
  3 kobolds (D:2)
  2 rats (D:1)
20 creatures vanquished.

Table legend:
 A = Non-vault XP
 B = Vault XP
 C = Vault XP percentage of total XP
 D = Non-vault monster count
 E = Vault monster count
 F = Vault count percentage of total count
                 A         B        C        D         E       F
            +---------+---------+-------+---------+---------+-------
      Total |      36 |       0 |   0.0 |      20 |       0 |   0.0
            +---------+---------+-------+---------+---------+-------
        D:1 |      11 |       0 |   0.0 |       8 |       0 |   0.0
        D:2 |      25 |       0 |   0.0 |      12 |       0 |   0.0
            +---------+---------+-------+---------+---------+-------

Illustrated notes

Table legend:
 A = Kills in this place as a percentage of kills in entire the game.
 B = Kills by you in this place as a percentage of kills by you in the entire game.
 C = Kills by friends in this place as a percentage of kills by friends in the entire game.
 D = Other kills in this place as a percentage of other kills in the entire game.
 E = Experience gained in this place as a percentage of experience gained in the entire game.
 F = Experience gained in this place divided by the number of levels of this place that you have seen.
                   A       B       C       D       E      F
               +-------+-------+-------+-------+-------+----------------------
         Total | 100.0 | 100.0 |   N/A |   N/A | 100.0 |  18.0
       Dungeon | 100.0 | 100.0 |   N/A |   N/A | 100.0 |  18.0
               +-------+-------+-------+-------+-------+----------------------

Table legend: (Time is in decaauts)
 A = Elapsed time spent in this place.
 B = Non-inter-level travel time spent in this place.
 C = Inter-level travel time spent in this place.
 D = Time resting spent in this place.
 E = Time spent auto-exploring this place.
 F = Levels seen in this place.
 G = Mean time per level.
                   A        B        C        D        E       F      G
               +--------+--------+--------+--------+--------+-----+--------+
         Total |    571 |    549 |     22 |      0 |    445 |   2 |  285.5 |
       Dungeon |    571 |    549 |     22 |      0 |    445 |   2 |  285.5 |
               +--------+--------+--------+--------+--------+-----+--------+

Top non-repeatable levels by time:
     D:1: 443 daAuts
     D:2: 128 daAuts
